 Dungeon Crawl Stone Soup version 0.19-a0-994-g3c636f0 (console) character file.

58250 brucemayne the Severer (level 14, -13/154 HPs)
             Began as a Vampire Berserker on July 17, 2016.
             Was a High Priest of Trog.
             Mangled by a wolf spider (17 damage)
             ... on level 1 of the Spider Nest.
             The game lasted 01:01:23 (12974 turns).

brucemayne the Severer (Vampire Berserker)         Turns: 12974, Time: 01:01:24

Health: -13/154    AC:  5    Str: 35    XL:     14   Next: 48%
Magic:  4/4        EV: 17    Int: 11    God:    Trog [*****.]
Gold:   763        SH:  0    Dex: 15    Spells: 0 memorised, 13 levels left

rFire  . . .     SeeInvis +     D - +5 executioner's axe (antimagic)
rCold  . . .     Gourm    .     r - quicksilver dragon armour
rNeg   + . .     Faith    .     (shield currently unavailable)
rPois  .         Spirit   .     Y - +3 crown of Dyrovepreva {rElec Int+2 SInv}
rElec  +         Dismiss  .     B - +1 cloak
rCorr  .         Reflect  .     k - +2 pair of gloves {Str+3}
SustAt .         Harm     .     (no boots)
MR     ++++.                    q - amulet of regeneration
Stlth  ..........               z - +3 ring of strength
                                b - +4 ring of strength

@: berserking, corroded, very slightly contaminated, regenerating, very quick,
incredibly resistant to hostile enchantments, extremely unstealthy
A: fangs 3, see invisible, unbreathing
a: Bat Form, Berserk, Trog's Hand, Brothers in Arms, Burn Spellbooks, Renounce
Religion


You were on level 1 of the Spider Nest.
You worshipped Trog.
Trog was extremely pleased with you.
You were not thirsty.

You visited 5 branches of the dungeon, and saw 24 of its levels.
You also visited: Sewer and Ossuary.

You collected 2513 gold pieces.
You spent 1750 gold pieces at shops.

Inventory:

Hand Weapons
 D - a +5 antimagic executioner's axe (weapon)
Missiles
 G - a throwing net (quivered)
 V - 7 javelins
Armour
 k - a +2 pair of gloves of strength (worn)
 r - a quicksilver dragon armour (worn)
 B - a +1 cloak (worn)
 Y - the +3 crown of Dyrovepreva (worn) {rElec Int+2 SInv}
   (You bought it in a shop on level 12 of the Dungeon)

   It affects your intelligence (+2).
   It insulates you from electricity.
   It lets you see invisible.
Jewellery
 b - a +4 ring of strength (left hand)
 q - an amulet of regeneration (around neck)
 z - a +3 ring of strength (right hand)
Wands
 o - a wand of lightning (11/15)
 p - a wand of hasting (6/9)
 s - a wand of confusion (12/48)
 A - a wand of disintegration (21/24)
 J - a wand of paralysis (16/24)
 L - a wand of iceblast (6/15)
 M - a wand of iceblast (6/15)
 Q - a wand of confusion (18/48)
 T - a wand of digging (12/24)
Scrolls
 a - 2 scrolls of blinking
 j - 6 scrolls of remove curse
 m - a scroll of fear
 y - 7 scrolls of teleportation
 E - a scroll of enchant armour
 H - 2 scrolls of recharging
 I - 3 scrolls of fog
 R - a scroll of magic mapping
Potions
 c - 18 potions of blood
 d - a potion of ambrosia {unknown}
 e - 8 potions of curing
 f - 2 potions of haste {unknown}
 g - a potion of resistance {unknown}
 h - 3 potions of invisibility {unknown}
 i - 3 potions of might {unknown}
 l - 2 potions of magic {unknown}
 n - 2 potions of cancellation {unknown}
 t - 2 potions of agility {unknown}
 u - 3 potions of flight
 F - a potion of beneficial mutation {unknown}
 O - a potion of heal wounds
 S - 3 potions of berserk rage {unknown}
Books
 Z - a book of Ice

   Spells                             Type                      Level
   a - Ice Form                       Ice/Transmutation            4
   b - Metabolic Englaciation         Hexes/Ice                    5
   c - Ozocubu's Refrigeration        Ice                          6
   d - Bolt of Cold                   Conjuration/Ice              6
   e - Freezing Cloud                 Conjuration/Ice/Air          6
   f - Simulacrum                     Ice/Necromancy               6
   Trog disapproves of the use of such an item.
Miscellaneous
 X - a disc of storms


   Skills:
 - Level 7.1 Fighting
 + Level 18.5 Axes
 - Level 8.6 Armour
 - Level 9.0 Dodging


You had 13 spell levels left.
You didn't know any spells.

Dungeon Overview and Level Annotations

Branches:
Dungeon (13/15)            Temple (1/1) D:6            Lair (6/6) D:9
 Spider (2/4) Lair:2          Orc (2/2) D:9             Elf (0/3) Orc:2
  Swamp: Lair:2-4    Shoals: Lair:2-4     Slime: Lair:5-6    Vaults: D:13-14

Altars:
Ashenzari
Cheibriados
Dithmenos
Elyvilon
Fedhas
Gozag
Hepliaklqana
Kikubaaqudgha
Makhleb
Nemelex Xobeh
Pakellas
Qazlal
Ru
Sif Muna
Trog
Uskayaw
Vehumet
Yredelemnul
Zin
The Shining One
Beogh

Shops:
D:9 *   D:12 ?[}[   Orc:2 (:((*

Annotations:
D:10 exclusion: downstairs
Lair:2 exclusion: upstairs
Lair:3 exclusions: downstairs and oklob plant
Lair:4 Rupert
Lair:5 exclusion: upstairs
Spider:1 exclusion: downstairs


Innate Abilities, Weirdness & Mutations

You have razor-sharp teeth.
You have supernaturally acute eyesight. (SInv)
You can survive without breathing.


Message History

You completely miss the entropy weaver. You closely miss the entropy weaver.
The entropy weaver hits you! x3
* * * LOW HITPOINT WARNING * * *
The entropy weaver hits you but does no damage.
You closely miss the entropy weaver. You slice the wolf spider!!
The wolf spider closely misses you. The wolf spider bites you!
* * * LOW HITPOINT WARNING * * *
The entropy weaver hits you.
* * * LOW HITPOINT WARNING * * *
The entropy weaver hits you!
* * * LOW HITPOINT WARNING * * *
The entropy weaver hits you!
* * * LOW HITPOINT WARNING * * *
The entropy weaver hits you!
* * * LOW HITPOINT WARNING * * *
You hit the entropy weaver.
The entropy weaver's magic leaks into the air.
The entropy weaver is lightly wounded.
You closely miss the wolf spider. The wolf spider hits you!
You die...

.....s.^#### #.......##
........##.# ##..##....##
.......###.#####...##s....#
.......#..........###..s..#
.............##....#...a.##
......##......[....##....#
#...###....##...ss.###...#
..#..##...###...sa#.###.###
###^..##..# #...@.#.###...#
# #....#.## ##...##.a.as.##
#......# #............# #
#......# ##.##.......## #
##...#.## ##.###.......# #
#.......###.###........#
###....###†##.# ##.......#
##...####.†...## #.......#
....##≈#...≈...#≈#......##


You could see an entropy weaver, a wolf spider, a jumping spider and a redback.

Vanquished Creatures
  Josephine (Spider:1)
  A hydra (Lair:2)
  A death knight (D:8)
  Erica (D:8)
  4 orc high priests (Orc:2)
  4 death yaks (Lair:3)
  An unseen horror (D:11)
  3 hill giants
  7 orc knights
  An orb spider (Spider:1)
  An ugly thing (D:12)
  A hornet (Spider:1)
  A wolf spider (Spider:1)
  A griffon (Lair:6)
  4 orc sorcerers (Orc:2)
  3 elephants (Lair:2)
  Maurice (D:8)
  A molten gargoyle (Lair:2)
  3 black mambas
  A gargoyle (D:10)
  A torpor snail (Spider:1)
  7 spiny frogs
  4 komodo dragons
  4 demonic crawlers
  3 polar bears (Lair:6)
  A queen bee (D:12)
  5 trolls
  8 jumping spiders
  3 meliai (D:12)
  A boulder beetle (Spider:2)
  3 blink frogs (Lair:5)
  14 spriggans (Lair:6)
  5 tarantellas
  6 redbacks
  4 wyverns
  3 wraiths (Spider:1)
  3 fire bats (Lair:2)
  27 yaks
  3 basilisks
  3 steam dragons
  7 hippogriffs
  2 hungry ghosts
  2 mottled dragons
  7 water moccasins
  4 wargs
  5 porcupines
  21 orc warriors
  2 ice beasts
  2 necrophages
  5 black bears
  3 wasps (Lair:6)
  A boggart (Lair:6)
  2 phantoms
  A sky beast (D:10)
  27 wolves
  10 ogres
  10 centaurs
  5 crocodiles
  3 elf zombies
  17 big kobolds
  7 gnoll sergeants
  9 giant frogs
  An elf skeleton (D:5)
  A wyvern zombie (D:12)
  3 scorpions
  18 killer bees (D:12)
  24 wights
  2 howler monkeys
  4 crimson imps
  A wasp zombie (D:8)
  A lava snake (Lair:2)
  2 centaur zombies
  2 giant frog zombies
  2 human zombies (Ossuary)
  2 giant frog skeletons
  4 hounds
  3 jellies
  11 orc priests
  14 orc wizards
  2 centaur skeletons
  8 iguanas
  3 human skeletons (D:5)
  Natasha (D:3)
  12 worker ants
  23 sheep
  A howler monkey zombie (D:5)
  2 mummies (Ossuary)
  Robin (D:2)
  2 worker ant zombies
  15 adders
  19 gnolls
  2 howler monkey skeletons
  35 river rats
  6 shadow imps
  4 oozes (Sewer)
  2 adder zombies (Ossuary)
  2 adder skeletons
  7 worms
  3 dart slugs
  4 giant geckos
  57 orcs
  2 ball pythons
  3 giant cockroaches
  10 goblins
  9 hobgoblins
  4 jackals (D:9)
  25 kobolds
  4 quokkas
  13 bats
  A giant gecko zombie (D:8)
  2 giant newts
  13 hobgoblin zombies (Ossuary)
  12 kobold zombies (Ossuary)
  5 orc skeletons (D:5)
  3 orc zombies (Ossuary)
  A quokka skeleton (D:4)
  8 rats
  3 rat zombies (Ossuary)
  7 fungi
  3 plants
735 creatures vanquished.

Vanquished Creatures (collateral kills)
  An emperor scorpion (Spider:1)
  A wolf spider (Spider:1)
  A tarantella (Spider:1)
3 creatures vanquished.

Vanquished Creatures (others)
  A kobold demonologist (D:12)
  A killer bee (D:12)
  An orc priest (Orc:2)
  An orc wizard (D:3)
  A plant (Lair:5)
5 creatures vanquished.

Grand Total: 743 creatures vanquished

Notes
Turn   | Place    | Note
-------+----------+-------------------------------------------
     0 | D:1      | brucemayne the Vampire Berserker began the quest for the Orb.
     0 | D:1      | Reached XP level 1. HP: 17/17 MP: 1/1
    86 | D:2      | Found a bloodstained altar of Trog.
    89 | D:2      | Noticed Robin
    94 | D:2      | Reached skill level 3 in Axes
    95 | D:2      | Reached XP level 2. HP: 23/23 MP: 2/2
    99 | D:2      | Killed Robin
   100 | D:2      | Reached XP level 3. HP: 28/28 MP: 3/3
   134 | D:2      | Found a shadowy altar of Dithmenos.
   147 | D:2      | Reached skill level 4 in Axes
   149 | D:2      | Reached ** piety under Trog
   247 | D:2      | Found a burning altar of Makhleb.
   266 | D:1      | Reached XP level 4. HP: 26/34 MP: 4/4
   350 | D:2      | Found a stormy altar of Qazlal.
   471 | D:3      | Noticed a giant frog
   476 | D:3      | Killed a giant frog
   476 | D:3      | Reached skill level 5 in Axes
   476 | D:3      | Reached XP level 5. HP: 29/39 MP: 5/5
   623 | D:4      | Found a glowing drain.
   627 | Sewer    | Entered a sewer
   712 | Sewer    | Reached skill level 6 in Axes
   785 | Sewer    | Reached XP level 6. HP: 46/46 MP: 6/6
   910 | Sewer    | Reached skill level 7 in Axes
  1100 | Sewer    | Reached XP level 7. HP: 30/51 MP: 7/7
  1156 | Sewer    | Reached skill level 8 in Axes
  1291 | Sewer    | Reached *** piety under Trog
  1686 | D:3      | Noticed Natasha
  1698 | D:3      | Killed Natasha
  1751 | D:4      | Found an ancient bone altar of Kikubaaqudgha.
  1904 | D:4      | Reached skill level 9 in Axes
  1904 | D:4      | Reached XP level 8. HP: 25/57 MP: 8/8
  2015 | D:5      | Entered Level 5 of the Dungeon
  2024 | D:5      | Found a glowing silver altar of Zin.
  2025 | D:5      | Noticed an angel
  2346 | D:5      | Reached skill level 10 in Axes
  2434 | D:5      | Found a sand-covered staircase.
  2450 | Ossuary  | Entered an ossuary
  2779 | D:5      | Reached XP level 9. HP: 55/65 MP: 9/9
  2854 | D:5      | Found a shattered altar of Ashenzari.
  2995 | D:6      | Found a staircase to the Ecumenical Temple.
  3013 | D:6      | Reached **** piety under Trog
  3021 | Temple   | Entered the Ecumenical Temple
  3539 | D:7      | Reached skill level 11 in Axes
  3545 | D:7      | Found Qeriar's Jewellery Boutique.
  3751 | D:8      | Noticed Maurice
  3778 | D:8      | Killed Maurice
  3893 | D:8      | Reached skill level 5 in Armour
  3929 | D:8      | Noticed Erica
  3939 | D:8      | Killed Erica
  3939 | D:8      | Reached XP level 10. HP: 64/71 MP: 10/10
  4070 | D:8      | Noticed a death knight
  4093 | D:8      | Reached skill level 12 in Axes
  4100 | D:8      | Killed a death knight
  4446 | D:9      | Found a white marble altar of Elyvilon.
  4446 | D:9      | Found Itubb's Assorted Antiques.
  4453 | D:9      | Found a staircase to the Lair.
  4648 | D:10     | Entered Level 10 of the Dungeon
  4876 | D:11     | Noticed a hill giant
  4951 | D:10     | Noticed a gargoyle
  4953 | D:10     | Reached skill level 13 in Axes
  4961 | D:10     | Reached XP level 11. HP: 77/77 MP: 11/11
  5084 | D:9      | Reached ***** piety under Trog
  5151 | D:9      | Found an opulent altar of Gozag.
  5193 | D:9      | Received a gift from Trog
  5484 | D:11     | Noticed an unseen horror
  5499 | D:11     | Killed an unseen horror
  5499 | D:11     | Reached skill level 14 in Axes
  5547 | D:11     | Killed a hill giant
  5951 | D:12     | Noticed a red ugly thing
  5994 | D:12     | Found Ipupnatt's Armour Emporium.
  6087 | D:12     | Found Voschuppe's Armour Emporium.
  6110 | D:12     | Bought a +2 pair of gloves of strength for 301 gold pieces
  6134 | D:12     | Found Akuneuf's Gadget Boutique.
  6151 | D:12     | Reached skill level 5 in Fighting
  6290 | D:12     | Noticed a hill giant
  6301 | D:12     | Killed a hill giant
  6313 | D:12     | Found Kaluhati's Magic Scroll Boutique.
  6638 | D:11     | Noticed a hill giant
  6644 | D:11     | Killed a hill giant
  6977 | D:9      | Reached XP level 12. HP: 71/88 MP: 4/12
  7250 | D:10     | Reached skill level 15 in Axes
  7728 | D:9      | Found a staircase to the Orcish Mines.
  7880 | Orc:1    | Entered Level 1 of the Orcish Mines
  7975 | Orc:2    | Entered Level 2 of the Orcish Mines
  7986 | Orc:2    | Noticed an orc high priest
  8083 | Orc:2    | Killed an orc high priest
  8228 | Orc:1    | Received a gift from Trog
  8357 | Orc:2    | Found a roughly hewn altar of Beogh.
  8444 | Orc:2    | Found a staircase to the Elven Halls.
  8473 | Orc:1    | Reached skill level 5 in Dodging
  8678 | Orc:2    | Found Xaroi's Book Shop.
  8746 | Orc:2    | Noticed an orc high priest
  8774 | Orc:2    | Killed an orc high priest
  8804 | Orc:2    | Noticed an orc high priest
  8837 | Orc:2    | Killed an orc high priest
  8874 | Orc:2    | Reached skill level 16 in Axes
  8908 | Orc:2    | Noticed an orc high priest
  8927 | Orc:2    | Killed an orc high priest
  9022 | Orc:2    | Reached XP level 13. HP: 96/96 MP: 4/13
  9082 | Orc:2    | Found Jofeucw's General Store.
  9082 | Orc:2    | Found Ymey's Weapon Emporium.
  9083 | Orc:2    | Found Qiovvat's Antique Weapon Boutique.
  9084 | Orc:2    | Found Istradil's Weapon Boutique.
  9118 | Orc:2    | Bought a scroll of fog for 30 gold pieces
  9367 | D:12     | Bought the +3 crown of Dyrovepreva {rElec Int+2 SInv} for 579 gold pieces
  9367 | D:12     | Bought a quicksilver dragon armour for 840 gold pieces
  9391 | D:12     | Identified a scroll of acquirement
  9501 | Lair:1   | Entered Level 1 of the Lair of Beasts
  9904 | Lair:3   | Found a dark tunnel.
 10031 | Lair:3   | Reached ****** piety under Trog
 10251 | Lair:4   | Noticed Rupert
 10253 | Lair:4   | Paralysed by Rupert for 7 turns
 10428 | Lair:6   | Entered Level 6 of the Lair of Beasts
 10508 | Lair:6   | Received a gift from Trog
 10808 | Lair:6   | HP: 6/144 [spriggan rider/spear of freezing (8)]
 10808 | Lair:6   | HP: 2/144 [spriggan rider/spear of freezing (4)]
 10817 | Lair:6   | HP: 6/144 [spriggan rider/spear of freezing (2)]
 10867 | Lair:6   | Found an opulent altar of Gozag.
 10887 | Lair:6   | Reached skill level 17 in Axes
 11317 | Lair:3   | Reached XP level 14. HP: 103/103 MP: 4/14
 11409 | Lair:3   | Received a gift from Trog
 11779 | Lair:2   | Found a hole to the Spider Nest.
 12035 | Spider:1 | Entered Level 1 of the Spider Nest
 12111 | Spider:1 | Noticed Josephine
 12113 | Spider:1 | Killed Josephine
 12113 | Spider:1 | Reached skill level 18 in Axes
 12155 | Spider:2 | Noticed an entropy weaver
 12157 | Spider:2 | Noticed an entropy weaver
 12426 | Spider:1 | Noticed an emperor scorpion
 12453 | Spider:1 | Killed an emperor scorpion
 12973 | Spider:1 | HP: 2/154 [entropy weaver (8)]
 12974 | Spider:1 | Mangled by a wolf spider

Vault maps used:
D:1:      noname_arrival_rooms_in_the_neighbourhood, minmay_misc_feat_roman
D:2:      lemuel_round_altar, lemuel_crystal_altar, grunt_temple_overflow_open,
          uniq_robin
D:3:      overflow_temple_1_default, minmay_misc_feat_encased,
          kennysheep_jessica_study, uniq_crazy_yiuf_cottage, uniq_natasha,
          uniq_iyjb
D:4:      kennysheep_mini_moat, gup_sewer_entry_spiral, minmay_quantized
D:5:      kennysheep_six_static_rooms, marbit_many_paths, zin_angel,
          nicolae_ossuary_entry_catacombs, first_bread
D:6:      okawaru_altar_gauntlet_db
D:7:      serial_shops, nicolae_shop_behind_doors, kennysheep_mini,
          shop_fountains, shop, the_bakery
D:8:      hangedman_cross_veins, uniq_erica, uniq_maurice
D:9:      overflow_temple_1_default, lemuel_doored_altar, lair_0_dummy,
          kennysheep_orc_monster_closet_entryway, serial_shops,
          nicolae_shop_temple_entry_statues_fountains, roderic_batcave
D:10:     serial_bayou_lake_a
D:12:     serial_shops, shop, shop_coins, shop, nicolae_shop_crystal,
          minivault_7
D:13:     erik_vaults_2, kennysheep_kite_vault, uniq_kirke, uniq_erolcha,
          uniq_snorg
Temple:   minmay_temple_curvy_loop
Lair:1:   serial_bayou_shore_a, lemuel_fruit_tree, grunt_megastairs_5,
          infiniplex_staircase_pool_2, serial_bayou_shore_b
Lair:2:   dummy_spider_entry, serial_bayou_shore_b
Lair:3:   minmay_swamp_entry_worms, nicolae_volcano_entry_hallway,
          minmay_lair_oklob_bushes, serial_bayou_shore_b, serial_bayou_shore_b
Lair:4:   kennysheep_rathole, uniq_rupert
Lair:5:   slime_altar_1
Lair:6:   minmay_lair_end_enchanted_forest, basic_altar
Spider:1: guppyfry_spider_mini_3, uniq_josephine
Spider:2: nicolae_spider_shape
Orc:2:    st_orc_elflike, serial_shops,
          nicolae_shop_temple_entry_statues_fountains, basic_altar
Sewer:    sewer_co_tree
Ossuary:  ossuary_tomb_1

Skill      XL: |  1  2  3  4  5  6  7  8  9 10 11 12 13 14 |
---------------+-------------------------------------------+-----
Axes           | 3 4 5 6 7 9 10 11 13 14 16 17 18 | 18.5
Fighting       | 4 6 7 |  7.1
Armour         | 2 5 7 8 |  8.6
Dodging        | 7 9 |  9.0

Action                   |  1- 3 |  4- 6 |  7- 9 | 10-12 | 13-15 || total
-------------------------+-------+-------+-------+-------+-------++-------
Melee: Hand axe          |    54 |   195 |   695 |       |       ||   944
       Bite              |     5 |    19 |    89 |   130 |    90 ||   333
       War axe           |       |       |    21 |   271 |       ||   292
       Battleaxe         |       |       |       |   556 |   384 ||   940
       Executioner's axe |       |       |       |    32 |   229 ||   261
       Unarmed           |       |       |       |       |     2 ||     2
       Scimitar          |       |       |       |       |     8 ||     8
Invok: Berserk           |     1 |     1 |     7 |    11 |     6 ||    26
       Trog's Hand       |     1 |     1 |    10 |    12 |     9 ||    33
       Brothers in Arms  |       |       |       |       |     1 ||     1
 Abil: End Transformatio |       |       |     2 |     3 |     2 ||     7
       Bat Form          |       |       |     2 |     3 |     2 ||     7
Evoke: Wand              |       |       |     1 |     2 |     1 ||     4
  Use: Potion            |     2 |     3 |    20 |    38 |    20 ||    83
       Scroll            |       |       |     7 |     7 |    18 ||    32
 Stab: Confused          |       |       |       |       |     1 ||     1
Armor: Chain mail        |    48 |    99 |   279 |       |       ||   426
       Animal skin       |     1 |       |       |       |       ||     1
       Plate armour      |       |       |    45 |   640 |     9 ||   694
       Quicksilver drago |       |       |       |       |   402 ||   402
Dodge: Dodged            |    38 |    52 |   198 |   443 |   738 ||  1469
